 Dungeon Crawl Stone Soup version 0.18.1-8-gdd0e5ea (webtiles) character file.

191 Quirk the Skirmisher (level 5, -15/47 HPs)
             Began as a Minotaur Fighter on June 8, 2016.
             Demolished by an ogre
             ... wielding a +0 giant spiked club
              (18 damage)
             ... on level 3 of the Dungeon.
             The game lasted 00:03:51 (1846 turns).

Quirk the Skirmisher (Minotaur Fighter)             Turns: 1846, Time: 00:03:51

Health: -15/47     AC:  8    Str: 22    XL:     5   Next: 42%
Magic:  4/4        EV:  8    Int:  5    God:
Gold:   137        SH:  9    Dex:  9    Spells: 0 memorised, 4 levels left

rFire  . . .     SeeInvis .     a - +0 war axe
rCold  . . .     Gourm    .     b - +0 scale mail
rNeg   . . .     Faith    .     c - +0 shield
rPois  +         Spirit   .     (helmet restricted)
rElec  .         Dismiss  .     (no cloak)
rCorr  .         Reflect  .     (no gloves)
SustAt .         Harm     .     i - +0 pair of boots
MR     .....                    (no amulet)
Stlth  ..........               (no ring)
                                l - ring of poison resistance

@: not resistant to hostile enchantments, extremely unstealthy
A: retaliatory headbutt, horns 2
a: no special abilities


You were on level 3 of the Dungeon.
You were not hungry.

You visited 1 branch of the dungeon, and saw 3 of its levels.

You collected 137 gold pieces.

Inventory:

Hand Weapons
 a - a +0 war axe (weapon)
Armour
 b - a +0 scale mail (worn)
 c - a +0 shield (worn)
 i - a +0 pair of boots (worn)
Jewellery
 l - a ring of poison resistance (left hand)
Scrolls
 e - 3 scrolls of remove curse {unknown}
 j - a scroll of recharging {unknown}
 k - 2 scrolls of teleportation {unknown}
 n - 2 scrolls of random uselessness {unknown}
 o - a scroll of enchant armour {unknown}
 q - a scroll of enchant weapon {unknown}
 r - a scroll of immolation {unknown}
 s - a scroll of magic mapping {unknown}
 u - a scroll of identify {unknown}
Potions
 d - 2 potions of might
 g - a potion of resistance {unknown}
 h - a potion of agility {unknown}
 m - 2 potions of curing {unknown}
 p - a potion of magic {unknown}
 w - a potion of berserk rage {unknown}
 x - a potion of haste {unknown}
Comestibles
 f - 2 bread rations
 t - a slice of pizza
 v - 2 chunks of flesh


   Skills:
 + Level 4.8 Fighting
 + Level 3.5 Axes
 + Level 4.5 Armour
 + Level 1.9 Dodging
 + Level 4.8 Shields


You had 4 spell levels left.
You didn't know any spells.

Dungeon Overview and Level Annotations

Branches:
Dungeon (3/15)

Altars:
Kikubaaqudgha


Innate Abilities, Weirdness & Mutations

You reflexively headbutt those who attack you in melee.
You have a pair of horns on your head.


Message History

You open the door.
An ogre comes into view. It is wielding a giant spiked club.
There is an open door here.
The ogre barely misses you.
You slash the ogre!
You headbutt the ogre, but do no damage.
The ogre is moderately wounded.
The ogre hits you with a giant spiked club!!
You hit the ogre. You headbutt the ogre.
The ogre is severely wounded.
The ogre hits you with a giant spiked club!
* * * LOW HITPOINT WARNING * * *
Your shield and scale mail prevent you from hitting the ogre.
The ogre is heavily wounded.
The ogre hits you with a giant spiked club!
* * * LOW HITPOINT WARNING * * *
You slash the ogre!
The ogre is almost dead.
The ogre hits you with a giant spiked club!!
You die...

.# .# #. .. ##.. .
.# #...###.###.#
...#.. ... ....# #O#
#..# #@#
#..###'###.#
#....'_###.#
##+###.###+###.#
#### ##...##.# #
...###.....#.###.##
##.##...............
##.#..........###...
...+.........+....


You could see an ogre.

Vanquished Creatures
  A howler monkey (D:3)
  2 orc wizards (D:3)
  3 adders
  3 worms
  A dart slug (D:2)
  A giant gecko (D:3)
  3 orcs (D:3)
  A ball python (D:1)
  4 giant cockroaches
  6 goblins
  9 hobgoblins
  6 jackals
  2 kobolds
  3 quokkas
  5 bats
  3 giant newts (D:3)
  4 rats
57 creatures vanquished.

Notes
Turn   | Place    | Note
--------------------------------------------------------------
     0 | D:1      | Quirk the Minotaur Fighter began the quest for the Orb.
     0 | D:1      | Reached XP level 1. HP: 19/19 MP: 0/0
   399 | D:1      | Reached XP level 2. HP: 27/27 MP: 1/1
   622 | D:1      | Reached skill level 1 in Dodging
   707 | D:2      | Reached XP level 3. HP: 28/33 MP: 2/2
  1214 | D:2      | Reached XP level 4. HP: 40/40 MP: 3/3
  1453 | D:3      | Reached XP level 5. HP: 10/47 MP: 4/4
  1837 | D:3      | Found an ancient bone altar of Kikubaaqudgha.
  1840 | D:3      | Noticed an ogre
  1846 | D:3      | Demolished by an ogre

Skill      XL: |  1  2  3 |
---------------+----------+-----
Fighting       | 4 |  4.8
Armour         | 4 |  4.5
Dodging        | 1 |  1.9
Shields        | 4 |  4.8
Axes           | 3 |  3.5

Action                   |  1- 3 |  4- 6 || total
-------------------------+-------+-------++-------
Melee: War axe           |    76 |    50 ||   126
       Headbutt          |    14 |     7 ||    21
  Eat: Chunk             |     1 |     2 ||     3
Armor: Scale mail        |    39 |    25 ||    64
Dodge: Dodged            |    32 |    22 ||    54
Block: Shield            |    45 |    17 ||    62
